 Dungeon Crawl Stone Soup version 0.29.0-11-gd7f09526c8 (webtiles) character file.

Game seed: 12280152787646761187

753 xian the Conjurer (level 7, -17/33 HPs)
             Began as a Vine Stalker Conjurer on Sept 6, 2022.
             Killed from afar by a steam dragon (20 damage)
             ... with a ball of steam
             ... on level 6 of the Dungeon.
             The game lasted 00:11:05 (6789 turns).

xian the Conjurer (Vine Stalker Conjurer)           Turns: 6789, Time: 00:11:06

Health: -17/33     AC:  2    Str:  9    XL:     7   Next: 79%
Magic:  0/15       EV: 12    Int: 20    God:
Gold:   213        SH:  0    Dex: 13    Spells: 9/16 levels left

rFire   . . .      SeeInvis .   j - staff of conjuration
rCold   . . .      Faith    .   (no shield)
rNeg    . . .      Spirit   +   a - +0 robe
rPois   .          Reflect  .   (no helmet)
rElec   .          Harm     .   (no cloak)
rCorr   .          Rampage  .   (no gloves)
Will    .....                   (no boots)
Stlth   ++........              (no amulet)
HPRegen 0.91/turn               (no ring)
MPRegen 0.14/turn               (no ring)

@: no status effects
A: fangs 2, regeneration 1, magic shield, antimagic bite, no potion heal 2
a: no special abilities


You were on level 6 of the Dungeon.
You visited 1 branch of the dungeon, and saw 6 of its levels.

You collected 213 gold pieces.

Inventory:

Hand Weapons
 l - a +3 scythe
 p - a +0 sling of freezing
Missiles
 d - 5 atropa-tipped darts
Armour
 a - a +0 robe (worn)
 r - a +3 chain mail of cold resistance
Magical Staves
 j - a staff of conjuration (weapon)
Jewellery
 g - a ring of resist corrosion
Scrolls
 c - 2 scrolls of fog
 e - a scroll of immolation
 i - a scroll of fear
 k - 2 scrolls of teleportation
 m - 2 scrolls of brand weapon {unknown}
 n - 2 scrolls of enchant weapon
 o - 4 scrolls of silence {unknown}
 s - a scroll of acquirement {unknown}
 t - a scroll of torment
 u - a scroll of magic mapping {unknown}
Potions
 b - a potion of brilliance {unknown}
 f - 2 potions of curing
 h - a potion of invisibility {unknown}
 q - a potion of resistance {unknown}
 v - a potion of cancellation {unknown}


   Skills:
 + Level 1.0 Fighting
 + Level 2.9 Dodging
 + Level 3.8 Stealth
 + Level 0.4 Unarmed Combat
 + Level 5.2 Spellcasting
 + Level 6.7 Conjurations


You had 9 spell levels left.
You knew the following spells:

 Your Spells              Type           Power      Damage    Failure   Level
a - Magic Dart            Conj           100%       1d8       1%          1
b - Searing Ray           Conj           96%        2d7       1%          2
c - Iskenderun's Mystic   Conj/Tloc      28%        2d7       28%         4

Your spell library contained the following spells:

 Spells                   Type           Power      Damage    Failure   Level
 Dazzling Flash           Conj/Hex       56%        N/A       9%          3
 Poisonous Vapours        Pois/Air       10%        N/A       17%         2
 Fulminant Prism          Conj/Hex       14%        3d9       28%         4
 Ozocubu's Armour         Ice            5%         N/A       34%         3
 Corpse Rot               Necr/Pois/Air  5%         N/A       75%         4
 Metabolic Englaciation   Hex/Ice        2%         N/A       97%         5
 Simulacrum               Ice/Necr       2%         N/A       100%        6


Dungeon Overview and Level Annotations

Branches:
Dungeon (6/15)
 Temple: D:4-7

Altars:
Ashenzari
Makhleb
Uskayaw
Zin


Innate Abilities, Weirdness & Mutations

You have extremely sharp teeth.
Your natural rate of healing is unusually fast.
When hurt, damage is shared between your health and your magic reserves.
Your bite disrupts and absorbs the magic of your enemies.
Potions cannot restore your health.


Message History

There is a stone staircase leading down here.
You see here a +0 ring mail.
v - a bubbling silvery potion Done exploring.
You see here a +0 ring mail.
There is a stone staircase leading down here.
You climb downwards.
There is a stone staircase leading up here.
A steam dragon comes into view.
Casting: Magic Dart (safe; 1% risk of failure)
Confirm with . or Enter, or press ? or * to list all spells.
Aiming: Searing Ray (safe; 1% risk of failure)
Press: ? - help, Shift-Dir - straight line, f - steam dragon
Aim: a steam dragon (wandering, hasn't noticed you, 83% to hit)
You feel a surge of power!
The searing ray hits the steam dragon!
The steam dragon is moderately wounded.
The steam dragon hisses angrily. (Press . to maintain the ray.)
The steam dragon breathes steam at you. The ball of steam misses you.
You are engulfed in a cloud of scalding steam.
The searing ray hits the steam dragon!
The steam dragon is severely wounded.
You are engulfed in a cloud of scalding steam.
The searing ray hits the steam dragon.
The steam dragon is almost dead.
You finish channelling your searing ray.
You are engulfed in a cloud of scalding steam.
The steam dragon bites you!
The steam dragon claws you but does no damage.
You are engulfed in a cloud of scalding steam.
* * * LOW HITPOINT WARNING * * *
The steam dragon completely misses you. The steam dragon barely misses you.
You are engulfed in a cloud of scalding steam.
* * * LOW HITPOINT WARNING * * *
The steam dragon closely misses you. The steam dragon barely misses you.
The steam dragon breathes steam at you. The ball of steam hits you!!
Ouch! That really hurt!
You die...

## #####....
#<....... .
###.###.###
....#..@###.####
.........ยง.......
.....#.###D....##
#... #. .#.#.# ##.
#. .# # # #. .# #.
.# .. .# .#


You could see a steam dragon (catching breath).

Vanquished Creatures
  Sigmund (D:2)
  A black bear (D:5)
  A centaur (D:5)
  A scorpion (D:4)
  A jelly (D:5)
  A gnoll bouda (D:4)
  Terence (D:3)
  An iguana (D:5)
  An orc wizard (D:3)
  7 gnolls
  8 adders
  2 worms
  5 dart slugs
  5 orcs
  9 ball pythons
  5 bats
  9 endoplasms
  2 giant cockroaches
  3 hobgoblins
  6 jackals
  6 kobolds
  2 quokkas
  5 frilled lizards
  7 goblins
  3 rats
93 creatures vanquished.

Vanquished Creatures (others)
  A demonic plant (D:5)
1 creature vanquished.

Grand Total: 94 creatures vanquished

Notes
Turn   | Place    | Note
-------+----------+-------------------------------------------
     0 | D:1      | xian the Vine Stalker Conjurer began the quest for the Orb.
     0 | D:1      | Reached XP level 1. HP: 9/9 MP: 4/4
   146 | D:1      | Found a faded altar of an unknown god.
   230 | D:1      | Reached XP level 2. HP: 13/13 MP: 1/6
  1218 | D:1      | Reached XP level 3. HP: 13/16 MP: 0/7
  2101 | D:2      | Learned a level 2 spell: Searing Ray
  2491 | D:2      | Gained mutation: Your natural rate of healing is unusually
                  | fast. [Vine Stalker growth]
  2491 | D:2      | Reached XP level 4. HP: 21/21 MP: 7/9
  2796 | D:2      | Noticed Sigmund
  2819 | D:2      | Killed Sigmund
  2820 | D:2      | Reached skill level 5 in Conjurations
  2820 | D:2      | Reached XP level 5. HP: 25/25 MP: 1/11
  2820 | D:2      | Reached XP level 6. HP: 29/29 MP: 1/12
  3023 | D:3      | Found a burning altar of Makhleb.
  3061 | D:3      | Found a hide-covered altar of Uskayaw.
  3716 | D:3      | Noticed Terence
  3729 | D:3      | Killed Terence
  4046 | D:3      | Found a glowing silver altar of Zin.
  4379 | D:4      | Reached XP level 7. HP: 23/32 MP: 1/14
  4395 | D:4      | HP: 1/32 [gnoll/+0 flail[a gnoll bouda] (4)]
  4396 | D:4      | Reached skill level 6 in Conjurations
  5359 | D:4      | Found a broken altar of Ashenzari.
  5710 | D:5      | Entered Level 5 of the Dungeon
  5716 | D:5      | Learned a level 4 spell: Iskenderun's Mystic Blast
  5883 | D:5      | Reached skill level 1 in Fighting
  6071 | D:5      | Reached skill level 5 in Spellcasting
  6782 | D:6      | Noticed a steam dragon
  6789 | D:6      | Killed from afar by a steam dragon

Illustrated notes

Levels and vault maps discovered:
D:1:      minmay_arrival_checkered_box, layout_basic,
          hellmonk_ecumenical_altar_blasted, minmay_misc_feat_doors,
          corexii_hall_statues_i, chequers_serial_rivers_small_b,
          minmay_heptomino_o4
D:2:      minmay_angry_zag, layout_loops_corners, st_stairs_7,
          grunt_ministairs_9, uniq_sigmund
D:3:      layout_loops_corners, bloody_makhleb, zin_treasury,
          nicolae_uskayaw_dance_hall, uniq_terence
D:4:      layout_layer_cave, lemuel_tele_altar
D:5:      layout_loops_ring, minmay_misc_feat_pillars,
          dreamdust_princess_corridor
D:6:      layout_loops_ring, minmay_temple_entry_statues_fountains,
          grunt_ministairs_10

Skill      XL: |  1  2  3  4  5  6  7 |
---------------+----------------------+-----
Dodging        | 2 |  2.9
Stealth        | 3 |  3.8
Spellcasting   | 3 4 5 |  5.2
Conjurations   | 5 6 |  6.7
Fighting       | 1 |  1.0
Unarmed Combat | |  0.4

Action                   |  1- 3 |  4- 6 |  7- 9 || total
-------------------------+-------+-------+-------++-------
Melee: Unarmed           |     4 |       |       ||     4
       Bite              |     4 |       |     2 ||     6
       Dagger            |    13 |       |       ||    13
       Punch             |     1 |       |       ||     1
       Staff             |       |       |     2 ||     2
 Cast: Magic Dart        |    72 |    53 |    61 ||   186
       Searing Ray       |       |    12 |     7 ||    19
  Use: Potion            |       |     2 |     3 ||     5
       Scroll            |       |     3 |     4 ||     7
Armor: Robe              |    12 |     2 |     6 ||    20
Dodge: Dodged            |    21 |     5 |    42 ||    68
